DSL
DSL CAROLINA CATAMOUNTS @ DSL ST. LOUIS CARDINALS
07/13/2041
 
TOP OF THE 1ST
DSL Carolina Catamounts batting - Pitching for DSL St. Louis Cardinals : RHP Christian Mercier
Pitching: RHP Christian Mercier
Batting: RHB Jorge Cruz 0-0: Foul Ball, location: 2LF
0-1: Ball
1-1: Foul Ball, location: 2F
1-2: Strikes out swinging
Batting: RHB José Alonso 0-0: Called Strike
0-1: Ball
1-1: Ball
2-1: Ball
3-1: Foul Ball, location: 2F
3-2: Base on Balls
Batting: LHB Ánibal Juárez 0-0: Ball
1-0: Ball
2-0: Called Strike
2-1: Foul Ball, location: 5F
2-2: Ball
3-2: Base on Balls
José Alonso to second
Batting: RHB Orlando Barrios 0-0: Foul Ball, location: 25F
0-1: SINGLE (Line Drive, 89M, EV 95.0 MPH)
José Alonso to third
Ánibal Juárez to second
Batting: SHB Ángelo Rocha 0-0: Ball
1-0: Foul Ball, location: 2F
1-1: Foul Ball, location: 25FF
1-2: Strikes out swinging
Batting: RHB Jesús Cuevas 0-0: Fly out, F6 (Popup, 6MD, EV 58.1 MPH)
Top of the 1st over - 0 runs, 1 hit, 0 errors, 3 left on base; DSL Carolina 0 - DSL St. Louis 0
BOTTOM OF THE 1ST
DSL St. Louis Cardinals batting - Pitching for DSL Carolina Catamounts : RHP Carlos Morgan
Pitching: RHP Carlos Morgan
Batting: SHB Dan Carter 0-0: Called Strike
0-1: Called Strike
0-2: Ball
1-2: Strikes out swinging
Batting: RHB Luis Montés 0-0: Ball
1-0: Called Strike
1-1: Foul Ball, location: 5SF
1-2: Strikes out swinging
Batting: RHB Jorge Fernández 0-0: Called Strike
0-1: Swinging Strike
0-2: Strikes out swinging
Bottom of the 1st over - 0 runs, 0 hits, 0 errors, 0 left on base; DSL Carolina 0 - DSL St. Louis 0
TOP OF THE 2ND
DSL Carolina Catamounts batting - Pitching for DSL St. Louis Cardinals : RHP Christian Mercier
Batting: SHB Sancho Vásquez 0-0: Foul Ball, location: 3FF
0-1: Ball
1-1: Swinging Strike
1-2: Strikes out swinging
Batting: RHB Manny Negrete 0-0: Called Strike
0-1: Foul Ball, location: 2F
0-2: Strikes out swinging
Batting: LHB Amdre Lancastre 0-0: Ground out 1-3 (Groundball, 13S, EV 65.0 MPH)
Top of the 2nd over - 0 runs, 0 hits, 0 errors, 0 left on base; DSL Carolina 0 - DSL St. Louis 0
BOTTOM OF THE 2ND
DSL St. Louis Cardinals batting - Pitching for DSL Carolina Catamounts : RHP Carlos Morgan
Batting: RHB Jeff Robertson 0-0: Ball
1-0: DOUBLE (Flyball, 89XD, EV 111.3 MPH)
Batting: RHB Dylan van de Laak 0-0: Ball
1-0: Swinging Strike
1-1: Swinging Strike
1-2: Ball
2-2: Foul Ball, location: 2F
2-2: Ball
3-2: Foul Ball, location: 9LMF
3-2: Base on Balls
Batting: RHB Robinson Pérez 0-0: Ball
1-0: Bunted foul
1-1: Bunted foul
1-2: Ball
2-2: Ball
3-2: Base on Balls
Jeff Robertson to third
Dylan van de Laak to second
Batting: LHB Nacho Pérez 0-0: Foul Ball, location: 2F
0-1: Ball
1-1: Ball
2-1: Foul Ball, location: 2F
2-2: Ball
3-2: Base on Balls
Jeff Robertson scores
Dylan van de Laak to third
Robinson Pérez to second
Batting: RHB Raúl Mendoza 0-0: Grounds into double play, 6-4-3 (Groundball, 6, EV 107.5 MPH)
Dylan van de Laak scores
Robinson Pérez to third
Batting: RHB Jesús Delvalle 0-0: Ball
1-0: Ball
2-0: Foul Ball, location: 23F
2-1: Foul Ball, location: 5F
2-2: Ball
3-2: Foul Ball, location: 9LMF
3-2: Strikes out looking
Bottom of the 2nd over - 2 runs, 1 hit, 0 errors, 1 left on base; DSL Carolina 0 - DSL St. Louis 2
TOP OF THE 3RD
DSL Carolina Catamounts batting - Pitching for DSL St. Louis Cardinals : RHP Christian Mercier
Batting: RHB Jorge Cruz 0-0: Ball
1-0: Called Strike
1-1: Reached on error, E5 (Groundball, 5L, EV 87.5 MPH)
Batting: RHB José Alonso 0-0: Called Strike
0-1: Foul Ball, location: 9LSF
0-2: Strikes out swinging, 2-3 out at first.
Batting: LHB Ánibal Juárez 0-0: Ball
1-0: Called Strike
1-1: Ball
2-1: Called Strike
2-2: Strikes out swinging
Batting: RHB Orlando Barrios 0-0: Called Strike
0-1: Foul Ball, location: 25F
0-2: Foul Ball, location: 9LSFF
0-2: Strikes out swinging
Top of the 3rd over - 0 runs, 0 hits, 1 error, 1 left on base; DSL Carolina 0 - DSL St. Louis 2
BOTTOM OF THE 3RD
DSL St. Louis Cardinals batting - Pitching for DSL Carolina Catamounts : RHP Carlos Morgan
Batting: SHB Dan Carter 0-0: Ball
1-0: Ball
2-0: Ball
3-0: Swinging Strike
3-1: Base on Balls
Batting: RHB Luis Montés 0-0: Sac Bunt to 25 - play at first, batter safe!
Dan Carter to second
Batting: RHB Jorge Fernández 0-0: Fly out, F4 (Line Drive, 4, EV 68.8 MPH)
Batting: RHB Jeff Robertson 0-0: 3-RUN HOME RUN (Flyball, 9LD, EV 96.3 MPH), Distance : 374 ft
Batting: RHB Dylan van de Laak 0-0: Ball
1-0: Called Strike
1-1: Ball
2-1: Swinging Strike
2-2: Foul Ball, location: 9LDF
2-2: Foul Ball, location: 2F
2-2: Strikes out swinging
Batting: RHB Robinson Pérez 0-0: Called Strike
0-1: Ball
1-1: Foul Ball, location: 2F
1-2: Ground out 3-1 (Groundball, 34S, EV 85.6 MPH)
Bottom of the 3rd over - 3 runs, 2 hits, 0 errors, 0 left on base; DSL Carolina 0 - DSL St. Louis 5
TOP OF THE 4TH
DSL Carolina Catamounts batting - Pitching for DSL St. Louis Cardinals : RHP Christian Mercier
Batting: SHB Ángelo Rocha 0-0: Ball
1-0: Ground out 1-3 (Groundball, 13S, EV 61.9 MPH)
Batting: RHB Jesús Cuevas 0-0: Ball
1-0: Ball
2-0: Foul Ball, location: 2F
2-1: Ball
3-1: Foul Ball, location: 25F
3-2: Foul Ball, location: 2RF
3-2: Foul Ball, location: 2F
3-2: Foul Ball, location: 5DF
3-2: Base on Balls
Batting: SHB Sancho Vásquez 0-0: Called Strike
0-1: Ball
1-1: Fly out, F8 (Flyball, 8LD, EV 93.1 MPH)
Batting: RHB Manny Negrete 0-0: Foul Ball, location: 25FF
0-1: Fly out, F9 (Line Drive, 9, EV 95.0 MPH)
Top of the 4th over - 0 runs, 0 hits, 0 errors, 1 left on base; DSL Carolina 0 - DSL St. Louis 5
BOTTOM OF THE 4TH
DSL St. Louis Cardinals batting - Pitching for DSL Carolina Catamounts : RHP Carlos Morgan
Pitching: RHP Gilberto Santana
Batting: LHB Nacho Pérez 0-0: Called Strike
0-1: Foul Ball, location: 3SF
0-2: Strikes out looking
Batting: RHB Raúl Mendoza 0-0: Ball
1-0: Fly out, F8 (Flyball, 8RD, EV 110.0 MPH)
Batting: RHB Jesús Delvalle 0-0: Called Strike
0-1: Foul Ball, location: 5F
0-2: Strikes out swinging
Bottom of the 4th over - 0 runs, 0 hits, 0 errors, 0 left on base; DSL Carolina 0 - DSL St. Louis 5
TOP OF THE 5TH
DSL Carolina Catamounts batting - Pitching for DSL St. Louis Cardinals : RHP Christian Mercier
Batting: LHB Amdre Lancastre 0-0: Foul Ball, location: 2F
0-1: Ball
1-1: Ball
2-1: Called Strike
2-2: Strikes out swinging
Batting: RHB Jorge Cruz 0-0: Swinging Strike
0-1: Ball
1-1: TRIPLE (Line Drive, 8RXD, EV 111.3 MPH)
Batting: RHB José Alonso 0-0: Ball
1-0: Swinging Strike
1-1: Called Strike
1-2: Foul Ball, location: 2F
1-2: Ball
2-2: Strikes out looking
Batting: LHB Ánibal Juárez 0-0: Called Strike
0-1: Ball
1-1: Ball
2-1: Foul Ball, location: 9LSF
2-2: Ball
3-2: Foul Ball, location: 7LSF
3-2: Foul Ball, location: 2F
3-2: 2-RUN HOME RUN (Line Drive, 7D, EV 98.8 MPH), Distance : 412 ft
Batting: RHB Orlando Barrios 0-0: Called Strike
0-1: Swinging Strike
0-2: Strikes out looking
Top of the 5th over - 2 runs, 2 hits, 0 errors, 0 left on base; DSL Carolina 2 - DSL St. Louis 5
BOTTOM OF THE 5TH
DSL St. Louis Cardinals batting - Pitching for DSL Carolina Catamounts : RHP Gilberto Santana
Batting: SHB Dan Carter 0-0: Called Strike
0-1: Foul Ball, location: 7LMF
0-2: Ball
1-2: Ball
2-2: Ball
3-2: Strikes out swinging
Batting: RHB Luis Montés 0-0: Fly out, F8 (Flyball, 8RD, EV 102.5 MPH)
Batting: RHB Jorge Fernández 0-0: Called Strike
0-1: Foul Ball, location: 9LMF
0-2: Fly out, F9 (Flyball, 9, EV 81.3 MPH)
Bottom of the 5th over - 0 runs, 0 hits, 0 errors, 0 left on base; DSL Carolina 2 - DSL St. Louis 5
TOP OF THE 6TH
DSL Carolina Catamounts batting - Pitching for DSL St. Louis Cardinals : RHP Christian Mercier
Pitching: RHP Juan Jose Escobedo
Batting: SHB Ángelo Rocha 0-0: Foul Ball, location: 7LSFF
0-1: Ball
1-1: Ground out U3 (Groundball, 34S, EV 73.1 MPH)
Batting: RHB Jesús Cuevas 0-0: Ball
1-0: Called Strike
1-1: Called Strike
1-2: Strikes out swinging
Batting: SHB Sancho Vásquez 0-0: Ball
1-0: Ball
2-0: Ball
3-0: Called Strike
3-1: Swinging Strike
3-2: SOLO HOME RUN (Flyball, 9LD, EV 101.3 MPH), Distance : 398 ft
Batting: RHB Manny Negrete 0-0: Ball
1-0: Swinging Strike
1-1: Ball
2-1: Called Strike
2-2: Ground out 6-3 (Groundball, 6, EV 110.6 MPH)
Top of the 6th over - 1 run, 1 hit, 0 errors, 0 left on base; DSL Carolina 3 - DSL St. Louis 5
BOTTOM OF THE 6TH
DSL St. Louis Cardinals batting - Pitching for DSL Carolina Catamounts : RHP Gilberto Santana
Batting: RHB Jeff Robertson 0-0: Ball
1-0: Ball
2-0: Foul Ball, location: 2F
2-1: Foul Ball, location: 3FF
2-2: Ball
3-2: Strikes out looking
Batting: RHB Dylan van de Laak 0-0: Ground out 6-3 (Groundball, 6, EV 86.3 MPH)
Batting: RHB Robinson Pérez 0-0: Ball
1-0: Foul Ball, location: 2F
1-1: Ball
2-1: Swinging Strike
2-2: Strikes out swinging
Bottom of the 6th over - 0 runs, 0 hits, 0 errors, 0 left on base; DSL Carolina 3 - DSL St. Louis 5
TOP OF THE 7TH
DSL Carolina Catamounts batting - Pitching for DSL St. Louis Cardinals : RHP Juan Jose Escobedo
Batting: LHB Amdre Lancastre 0-0: Ball
1-0: Called Strike
1-1: Called Strike
1-2: Strikes out looking
Batting: RHB Jorge Cruz 0-0: Ball
1-0: Foul Ball, location: 3F
1-1: Ball
2-1: Ball
3-1: SOLO HOME RUN (Flyball, 7D, EV 103.1 MPH), Distance : 398 ft
Batting: RHB José Alonso 0-0: Ball
1-0: Ball
2-0: Called Strike
2-1: Swinging Strike
2-2: Ball
3-2: Foul Ball, location: 2F
3-2: Base on Balls
Pitching: RHP Juan Ibarra
Batting: LHB Ánibal Juárez 0-0: Ball
1-0: Ball
2-0: Ball
3-0: Called Strike
3-1: Base on Balls
José Alonso to second
Batting: RHB Orlando Barrios 0-0: Called Strike
0-1: Ball
1-1: Ball
2-1: Called Strike
2-2: Ball
3-2: SINGLE (Groundball, 56, EV 100.6 MPH) (infield hit)
José Alonso to third
Ánibal Juárez to second
Batting: SHB Ángelo Rocha 0-0: Foul Ball, location: 3F
0-1: Ball
1-1: Foul Ball, location: 25F
1-2: Ball
2-2: Strikes out swinging
Pinch Hitting: RHB Ernesto Cardenas 0-0: Ball
1-0: Hit by Pitch
José Alonso scores
Ánibal Juárez to third
Orlando Barrios to second
Batting: SHB Sancho Vásquez 0-0: Called Strike
0-1: Called Strike
0-2: Strikes out looking
Top of the 7th over - 2 runs, 2 hits, 0 errors, 3 left on base; DSL Carolina 5 - DSL St. Louis 5
BOTTOM OF THE 7TH
DSL St. Louis Cardinals batting - Pitching for DSL Carolina Catamounts : RHP Gilberto Santana
Now at SS: Ernesto Cardenas
Pinch Hitting: LHB Robinson González 0-0: Called Strike
0-1: Fly out, F8 (Flyball, 8RM, EV 79.4 MPH)
Batting: RHB Raúl Mendoza 0-0: Ground out 6-3 (Groundball, 56, EV 82.5 MPH)
Pinch Hitting: LHB Robinson Salas 0-0: Ball
1-0: Foul Ball, location: 9LSF
1-1: Ball
2-1: Ball
3-1: Called Strike
3-2: Base on Balls
Batting: SHB Dan Carter 0-0: Ball
1-0: Called Strike
1-1: Ball
2-1: Foul Ball, location: 3DF
2-2: Foul Ball, location: 3FF
2-2: 2-RUN HOME RUN (Flyball, 9LD, EV 97.5 MPH), Distance : 381 ft
Batting: RHB Luis Montés 0-0: Called Strike
0-1: Ball
1-1: Ball
2-1: Ball
3-1: Base on Balls
Pitching: RHP José García
Batting: RHB Jorge Fernández 0-0: 2-RUN HOME RUN (Flyball, 7D, EV 106.9 MPH), Distance : 408 ft
Batting: RHB Jeff Robertson 0-0: Foul Ball, location: 2F
0-1: Swinging Strike
0-2: Ball
1-2: Ball
2-2: Foul Ball, location: 2F
2-2: Ball
3-2: Foul Ball, location: 23F
3-2: Foul Ball, location: 7LMF
3-2: Strikes out looking
Bottom of the 7th over - 4 runs, 2 hits, 0 errors, 0 left on base; DSL Carolina 5 - DSL St. Louis 9
TOP OF THE 8TH
DSL Carolina Catamounts batting - Pitching for DSL St. Louis Cardinals : RHP Juan Ibarra
Now at 1B: Héctor Mejía
Now at 3B: Jared Olson
Batting: RHB António Cruz 0-0: Foul Ball, location: 7LSF
0-1: Foul Ball, location: 5FF
0-2: Foul Ball, location: 9LDF
0-2: Ball
1-2: Strikes out swinging
Batting: LHB Amdre Lancastre 0-0: Ball
1-0: Ball
2-0: Swinging Strike
2-1: Foul Ball, location: 2F
2-2: Strikes out looking
Batting: RHB Jorge Cruz 0-0: Ball
1-0: Ball
2-0: Ground out U3 (Groundball, 3, EV 85.0 MPH)
Top of the 8th over - 0 runs, 0 hits, 0 errors, 0 left on base; DSL Carolina 5 - DSL St. Louis 9
BOTTOM OF THE 8TH
DSL St. Louis Cardinals batting - Pitching for DSL Carolina Catamounts : RHP José García
Batting: RHB Dylan van de Laak 0-0: Called Strike
0-1: Ball
1-1: Ball
2-1: SINGLE (Groundball, 4D, EV 98.8 MPH)
Batting: RHB Robinson Pérez 0-0: Called Strike
Dylan van de Laak steals 2nd base
0-1: Ball
1-1: Swinging Strike
1-2: Strikes out looking
Batting: RHB Héctor Mejía 0-0: Ground out 4-3 (Groundball, 4, EV 95.6 MPH)
Dylan van de Laak to third
Batting: RHB Raúl Mendoza 0-0: Foul Ball, location: 5F
0-1: Called Strike
0-2: Ball
1-2: Ground out 6-3 (Groundball, 4M, EV 88.8 MPH)
Bottom of the 8th over - 0 runs, 1 hit, 0 errors, 1 left on base; DSL Carolina 5 - DSL St. Louis 9
TOP OF THE 9TH
DSL Carolina Catamounts batting - Pitching for DSL St. Louis Cardinals : RHP Juan Ibarra
Pitching: RHP Rob Sather
Batting: RHB José Alonso 0-0: Called Strike
0-1: Foul Ball, location: 2F
0-2: Foul Ball, location: 2F
0-2: Ball
1-2: Ball
2-2: Foul Ball, location: 3DF
2-2: Ball
3-2: Base on Balls
Batting: LHB Ánibal Juárez 0-0: Swinging Strike
0-1: 2-RUN HOME RUN (Flyball, 78XD, EV 111.3 MPH), Distance : 429 ft
Pitching: LHP Cisco Castillo
Batting: RHB Orlando Barrios 0-0: Ground out 1-3 (Groundball, P, EV 72.5 MPH)
Pinch Hitting: SHB Pat Sullivan 0-0: Ball
1-0: Ball
2-0: Called Strike
2-1: Ground out 4-3 (Groundball, 4, EV 101.3 MPH)
Batting: RHB Ernesto Cardenas 0-0: Called Strike
0-1: Foul Ball, location: 5F
0-2: Strikes out swinging
Top of the 9th over - 2 runs, 1 hit, 0 errors, 0 left on base; DSL Carolina 7 - DSL St. Louis 9
Wednesday, April 3rd , 2024 - OOTP Baseball 24.10 Build 82